 Dungeon Crawl Stone Soup version 0.20.1-1-g8b1a95d (webtiles) character file.

972 Jannitor the Skirmisher (level 8, -4/55 HPs)
             Began as an Octopode Fighter on Aug 22, 2017.
             Was an Initiate of Gozag.
             Splashed by a jelly's acid (8 damage)
             ... on level 4 of the Dungeon.
             The game lasted 00:09:23 (5729 turns).

Jannitor the Skirmisher (Octopode Fighter)          Turns: 5729, Time: 00:09:26

Health: -4/55      AC:  1    Str: 15    XL:     8   Next: 16%
Magic:  8/8        EV: 14    Int: 12    God:    Gozag
Gold:   328        SH:  9    Dex: 12    Spells: 7/7 levels left

rFire    . . .     SeeInvis .   a - +0 trident
rCold    . . .     Gourm    .   b - +0 shield
rNeg     + . .     Faith    .   (helmet restricted)
rPois    .         Spirit   .   (no amulet)
rElec    .         Reflect  .   u - ring of positive energy
rCorr    .         Harm     .   w - +1 ring of evasion
MR       .....                  (no ring)
Stlth    ++++......             (no ring)
Regen    0.2/turn               (no ring)
MPRegen  0.2/turn               (no ring)
                                (no ring)
                                (no ring)

@: no status effects
A: almost no armour, stealthy swim, amphibious, 8 rings, constrict 8, camouflage
1, gelatinous body 1
a: Potion Petition, Call Merchant, Bribe Branch, Renounce Religion


You were on level 4 of the Dungeon.
You worshipped Gozag.
Gozag was aware of your devotion.
You were near starving.

You visited 2 branches of the dungeon, and saw 7 of its levels.

You collected 366 gold pieces.
You paid 38 gold pieces to Gozag.

Inventory:

Hand Weapons
 a - a +0 trident (weapon)
Armour
 b - a +0 shield (worn)
Jewellery
 u - a ring of positive energy (left tentacle)
 w - a +1 ring of evasion (right tentacle)
Wands
 r - a wand of confusion (29/48)
 s - a wand of digging (13/24)
 t - a wand of enslavement (15/24)
 x - a wand of confusion (27/48)
Scrolls
 f - 7 scrolls of teleportation {unknown}
 g - 5 scrolls of identify {unknown}
 i - a scroll of amnesia {unknown}
 l - 3 scrolls of random uselessness {unknown}
 n - a scroll of enchant armour {unknown}
 o - 3 scrolls of remove curse {unknown}
 p - 2 scrolls of noise {unknown}
 q - a scroll of magic mapping {unknown}
Potions
 c - a potion of might
 e - 2 potions of flight
 h - a potion of invisibility {unknown}
 m - 2 potions of curing {unknown}
 v - a potion of agility {unknown}
Comestibles
 d - 4 bread rations
 j - 2 meat rations
 k - 2 royal jellies


   Skills:
 + Level 5.3 Fighting
 + Level 4.5 Polearms
 + Level 4.9 Dodging
 - Level 4.4 Stealth
 + Level 5.3 Shields


You had 7 spell levels left.
You didn't know any spells.

Dungeon Overview and Level Annotations

Branches:
Dungeon (6/15)             Temple (1/1) D:4

Altars:
Ashenzari
Cheibriados
Dithmenos
Elyvilon
Fedhas
Gozag
Hepliaklqana
Kikubaaqudgha
Makhleb
Nemelex Xobeh
Okawaru
Ru
Sif Muna
Trog
Vehumet
Xom
Yredelemnul
The Shining One

Annotations:
D:4 zx48k's ghost, novice DDWz


Innate Abilities, Weirdness & Mutations

You cannot wear most types of armour.
You are very stealthy in the water. (Stealth+)
You are amphibious.
You can wear up to eight rings at the same time.
You can use your tentacles to constrict eight enemies at once.
Your skin changes colour to match your surroundings (Stealth+).
Your rubbery body absorbs attacks. (AC +1, EV +1)


Message History

You are splashed with acid!
The acid burns!
* * * LOW HITPOINT WARNING * * *
There is a stone staircase leading down here.
There is a stone staircase leading down here.
You are near starving!
There is a stone staircase leading down here.
You are no longer corroded.
There is a stone staircase leading down here.
There is an escape hatch in the ceiling here.
The jelly barely misses you. A mysterious force pulls you upwards.
The hatch slams shut behind you.
Level annotation: zx48k's ghost, novice DDWz You puncture the jelly!
Your tentacles burn!
* * * LOW HITPOINT WARNING * * *
The jelly is almost dead.
The jelly hits you.
* * * LOW HITPOINT WARNING * * *
You are splashed with acid!
The acid burns!
You die...
Your body crumbles into a pile of gold.

#.....###..........##.#.###...
#...### #...........#.#.# #...
#.....# #...........#.#.# #...
#.....# #...........#.#.####..
#.....# #...........#.#.......
#.....# #...........#.#.......
#...### #..........<..#.......
##### #..........####...###.
#######....@........#.### #.
#.........J......##.#.#####.
###................##.#.......
#..................##.......#.
#...#####.#.....#.#########.#.
#...#####.............# #.##
#.........#.⌠.⌠.#.###.#####.##
#.............................
#.........#.....#.............


You could see a jelly.

Vanquished Creatures
  A wizard (D:4)
  A hippogriff (D:5)
  A scorpion (D:4)
  A jelly (D:4)
  A vampire bat (D:3)
  A howler monkey (D:4)
  A bullfrog zombie (D:5)
  A gnoll shaman (D:5)
  2 hounds
  Ijyb (D:4)
  2 iguanas (D:4)
  2 worker ants
  A worker ant zombie (D:5)
  7 gnolls
  7 adders
  A shadow imp (D:5)
  2 oozes
  2 dart slugs
  3 fire bats (D:3)
  3 leopard geckos
  An orc (D:4)
  2 spectral bats (D:3)
  3 bat skeletons (D:3)
  A bat zombie (D:3)
  7 giant cockroaches
  A goblin (D:2)
  4 hobgoblins
  3 jackals (D:1)
  18 bats
  A bat simulacrum (D:3)
  7 frilled lizards
  8 kobolds
  A quokka skeleton (D:5)
  6 rats
104 creatures vanquished.

Notes
Turn   | Place    | Note
-------+----------+-------------------------------------------
     0 | D:1      | Jannitor the Octopode Fighter began the quest for the Orb.
     0 | D:1      | Reached XP level 1. HP: 16/16 MP: 1/1
   158 | D:1      | Reached XP level 2. HP: 19/21 MP: 2/2
   534 | D:1      | Reached XP level 3. HP: 26/26 MP: 3/3
  1522 | D:2      | Reached XP level 4. HP: 23/33 MP: 4/4
  1754 | D:2      | Found a shadowy altar of Dithmenos.
  2102 | D:3      | Found a sparkling altar of Nemelex Xobeh.
  2450 | D:3      | Reached XP level 5. HP: 35/37 MP: 5/5
  2545 | D:3      | Reached XP level 6. HP: 32/43 MP: 6/6
  3174 | D:4      | Found a staircase to the Ecumenical Temple.
  3181 | D:4      | Reached skill level 1 in Stealth
  3198 | Temple   | Entered the Ecumenical Temple
  3259 | Temple   | Became a worshipper of Gozag Ym Sagoz the Greedy
  3495 | D:4      | Noticed zx48k's ghost (novice DDWz)
  3592 | D:4      | Found a white marble altar of Elyvilon.
  3634 | D:4      | Reached XP level 7. HP: 36/49 MP: 7/7
  4057 | D:4      | Noticed Ijyb
  4068 | D:4      | Killed Ijyb
  4242 | D:4      | Found a bloodstained altar of Trog.
  4258 | D:4      | Noticed a wizard
  4263 | D:4      | Killed a wizard
  4400 | D:5      | Entered Level 5 of the Dungeon
  4722 | D:5      | Reached skill level 5 in Fighting
  4951 | D:5      | Reached skill level 5 in Shields
  4984 | D:5      | Found a white marble altar of Elyvilon.
  5003 | D:5      | Found a bloodstained altar of Trog.
  5136 | D:5      | Noticed a hippogriff
  5150 | D:5      | Killed a hippogriff
  5150 | D:5      | Reached XP level 8. HP: 4/55 MP: 8/8
  5690 | D:5      | HP: 2/55 [acid (8)]
  5729 | D:4      | Splashed by a jelly's acid

Skill      XL: |  1  2  3  4  5  6  7 |
---------------+----------------------+-----
Polearms       | 3 4 |  4.5
Fighting       | 4 5 |  5.3
Dodging        | 4 |  4.9
Shields        | 4 5 |  5.3
Stealth        | 2 4 |  4.4

Action                   |  1- 3 |  4- 6 |  7- 9 || total
-------------------------+-------+-------+-------++-------
Melee: Trident           |    90 |   118 |    98 ||   306
       Tentacles         |    13 |    13 |    23 ||    49
       Constrict         |    14 |    26 |    15 ||    55
Invok: Potion Petition   |       |       |     1 ||     1
Evoke: Wand              |       |       |     1 ||     1
  Use: Potion            |       |       |     1 ||     1
 Stab: Sleeping          |     7 |     7 |     6 ||    20
       Distracted        |       |       |     2 ||     2
  Eat: Chunk             |     2 |     3 |       ||     5
       Bread ration      |       |     1 |     1 ||     2
Armor: Skin              |     4 |    16 |     3 ||    23
Dodge: Dodged            |    31 |    64 |    39 ||   134
Block: Shield            |    29 |    59 |    51 ||   139
